[Event "Kuwait Championship Stage-I 2024"]
[Site "Qadsiya"]
[Date "2024.01.26"]
[Round "4.8"]
[White "Aldaihani, Turki"]
[Black "Almanaseer, Talal"]
[Result "1-0"]
[ECO "A05"]
[WhiteElo "1475"]
[BlackElo "1249"]
[Annotator "NA RC COMBH"]
[PlyCount "48"]
[EventDate "2024.01.22"]
[EventType "swiss"]
[EventCountry "KUW"]
[SourceTitle "playchess.com"]
[Source "ChessBase"]
[SourceQuality "1"]
[TimeControl "5400+30"]

1. Nf3 Nf6 2. a4 d5 3. g3 Bf5 4. Bg2 e6 5. c4 Bb4 6. Qb3 a5 7. Nc3 c6 8. O-O h6 9. d4 dxc4 10. Qxc4 O-O 11. Ne5 Nbd7 12. e4 Nb6 13. Qe2 Bh7 14. Rd1 Qe7 15. Nd3 Rfd8 16. h4 Bg6 17. Nf4 Bh7 18. Nd3 Bg6 19. g4 Nxe4 20. Bxe4 Qxh4 21. Bxg6 Rxd4 22. Bxf7+ Kh8 23. Ne5 Rxd1+ 24. Qxd1 g5 1-0

[Event "Kuwait Championship Stage-I 2024"]
[Site "Qadsiya"]
[Date "2024.01.26"]
[Round "4.9"]
[White "ALjadi, Athbi"]
[Black "Al Subaie, Nasser"]
[Result "0-1"]
[ECO "C50"]
[WhiteElo "1188"]
[BlackElo "1457"]
[Annotator "NA COMBH"]
[PlyCount "100"]
[EventDate "2024.01.22"]
[EventType "swiss"]
[EventCountry "KUW"]
[SourceTitle "playchess.com"]
[Source "ChessBase"]
[SourceQuality "1"]
[TimeControl "5400+30"]

1. e4 e5 2. Nf3 Nc6 3. Bc4 Bc5 4. a3 Nd4 5. d3 Nxf3+ 6. Qxf3 Nf6 7. Nc3 c6 8. Bg5 h6 9. Bd2 a6 10. b4 Bd4 11. h3 d5 12. Bb3 Be6 13. Rd1 O-O 14. Ne2 Ba7 15. Qg3 Nd7 16. Bxh6 Qf6 17. Bg5 Bxf2+ 18. Qxf2 Qxg5 19. exd5 cxd5 20. Qg3 Qxg3+ 21. Nxg3 a5 22. c4 dxc4 23. Bxc4 Rfe8 24. Ne4 axb4 25. axb4 Nb6 26. Nd6 Re7 27. Bxe6 fxe6 28. Ke2 Nd5 29. Ne4 Nxb4 30. Rd2 Nd5 31. g3 b5 32. Rb2 b4 33. Rhb1 Rc7 34. Kd2 Nc3 35. Rc1 Rac8 36. Rbc2 Nb1+ 37. Kd1 Rxc2 38. Rxc2 Rd8 39. Kc1 Na3 40. Rd2 Nb5 41. Kb2 Nd4 42. Nc5 Rd5 43. Nb3 Nf3 44. Rd1 e4 45. d4 e5 46. Nc5 e3 47. Nd3 Rxd4 48. Nxe5 Rxd1 49. Nxf3 e2 50. Kb3 Rd3+ 0-1

[Event "Kuwait Championship Stage-I 2024"]
[Site "Qadsiya"]
[Date "2024.01.26"]
[Round "4.10"]
[White "Alfaras, Abdulaziz"]
[Black "Alghanim, Faisal"]
[Result "0-1"]
[ECO "A07"]
[WhiteElo "1438"]
[BlackElo "1280"]
[Annotator "NA RC COMBH"]
[PlyCount "110"]
[EventDate "2024.01.22"]
[EventType "swiss"]
[EventCountry "KUW"]
[SourceTitle "playchess.com"]
[Source "ChessBase"]
[SourceQuality "1"]
[TimeControl "5400+30"]

1. Nf3 Nf6 2. g3 d5 3. d3 c6 4. Nbd2 Bg4 5. Bg2 Nbd7 6. c3 e5 7. Qc2 Bc5 8. O-O O-O 9. e4 dxe4 10. dxe4 Re8 11. h3 Bh5 12. Re1 h6 13. Nf1 a5 14. a4 b5 15. Bd2 bxa4 16. Qxa4 Qb6 17. Be3 Bxe3 18. Nxe3 Qxb2 19. Qxc6 Rec8 20. Qd6 Qxf2+ 21. Kxf2 Nxe4+ 22. Kg1 Nxd6 23. Nxe5 Nxe5 24. Bxa8 Rxa8 25. Kf1 a4 26. Nd5 Nec4 27. g4 Bg6 28. Red1 Be4 29. Kg1 Bxd5 30. Rxd5 a3 31. Kf2 a2 32. Ke2 f6 33. Rd4 Kf7 34. Kd3 Ra4 35. Kc2 Ra3 36. Kd3 Nb2+ 37. Kc2 Ndc4 38. Rd7+ Kg6 39. Rb7 Na4 40. Rb4 Rxc3+ 41. Kd1 Nab2+ 42. Ke2 Rxh3 43. Rxa2 Kg5 44. Kf1 Ne3+ 45. Kg1 Nbc4 46. Rb7 Kg6 47. Raa7 Rg3+ 48. Kf2 Rxg4 49. Rxg7+ Kf5 50. Rac7 Rxg7 51. Rxg7 Ng4+ 52. Kg3 Nce3 53. Kh4 Kf4 54. Kh5 f5 55. Rd7 Nf6+ 0-1

[Event "Kuwait Championship Stage-I 2024"]
[Site "Qadsiya"]
[Date "2024.01.26"]
[Round "4.11"]
[White "Alruwayeh, Talal"]
[Black "Alasfour, Zaid"]
[Result "1-0"]
[ECO "A16"]
[WhiteElo "1407"]
[BlackElo "1188"]
[Annotator "NA RC COMBH"]
[PlyCount "105"]
[EventDate "2024.01.22"]
[EventType "swiss"]
[EventCountry "KUW"]
[SourceTitle "playchess.com"]
[Source "ChessBase"]
[SourceQuality "1"]
[TimeControl "5400+30"]

1. e4 d6 2. c4 Nf6 3. Nc3 g6 4. Nf3 Bg7 5. d3 e5 6. Bg5 h6 7. Bd2 c5 8. Be2 Nc6 9. Nd5 Bg4 10. Qa4 Bd7 11. Qb3 Nxd5 12. cxd5 Nd4 13. Nxd4 cxd4 14. Qb4 Qb6 15. Qxb6 axb6 16. Bb4 Ke7 17. a3 Rac8 18. Kd2 h5 19. Kd1 Ba4+ 20. Ke1 b5 21. Bd1 Bh6 22. b3 Bxb3 23. Bxb3 Rc7 24. Ke2 Rhc8 25. Rhd1 Kd7 26. Rab1 Rc3 27. Bxc3 dxc3 28. Bc2 Rc5 29. a4 bxa4 30. Rxb7+ Kc8 31. Rdb1 a3 32. Rb8+ Kd7 33. R1b7+ Rc7 34. Ba4+ Ke7 35. Rxc7+ Kf6 36. Rxc3 a2 37. Ra3 h4 38. Rxa2 h3 39. gxh3 Bf4 40. Rb6 Kg5 41. Rxd6 f5 42. Rd8 fxe4 43. dxe4 Bxh2 44. Kf3 Bf4 45. Ra1 Kh6 46. Rb1 Bg5 47. Re8 Bf6 48. Kg4 g5 49. Re6 Kg7 50. Rb7+ Kf8 51. Rxf6+ Kg8 52. Re6 Kf8 53. Re8# 1-0

[Event "Kuwait Championship Stage-I 2024"]
[Site "Qadsiya"]
[Date "2024.01.27"]
[Round "5.1"]
[White "Alhejab, Meshal"]
[Black "Al Ibrahim, Abdulrahman"]
[Result "1-0"]
[ECO "C97"]
[WhiteElo "1787"]
[BlackElo "1854"]
[Annotator "NA RC COMBH"]
[PlyCount "129"]
[EventDate "2024.01.22"]
[EventType "swiss"]
[EventCountry "KUW"]
[SourceTitle "playchess.com"]
[Source "ChessBase"]
[SourceQuality "1"]
[TimeControl "5400+30"]

1. e4 e5 2. Nf3 Nc6 3. Bb5 a6 4. Ba4 Nf6 5. O-O Be7 6. Re1 b5 7. Bb3 d6 8. c3 O-O 9. h3 Na5 10. Bc2 c5 11. d4 Qc7 12. Nbd2 Be6 13. d5 Bd7 14. Nf1 Nc4 15. g4 h5 16. g5 Nh7 17. h4 g6 18. N3h2 f6 19. b3 Nb6 20. f4 fxg5 21. fxg5 c4 22. Be3 a5 23. Nd2 cxb3 24. axb3 a4 25. Qe2 axb3 26. Bxb3 Qxc3 27. Rac1 Qa5 28. Kg2 Na4 29. Ndf3 Bd8 30. Qa2 Bb6 31. Bd2 Qa7 32. Ra1 Rf7 33. Bb4 Bc5 34. Qa3 Bxb4 35. Qxb4 Raf8 36. Qxd6 Bg4 37. Qxg6+ Kh8 38. Bd1 Qc5 39. Rf1 Qc3 40. Ra2 Nb2 41. Be2 Nc4 42. Bxc4 Qxc4 43. Raf2 Qd3 44. Qd6 Qxe4 45. Qxe5+ Qxe5 46. Nxe5 Bh3+ 47. Kg3 Rxf2 48. Rxf2 Rxf2 49. Kxf2 Nf8 50. Nhf3 Kg7 51. Nd4 Nd7 52. Nd3 Nb6 53. Nf4 Bg4 54. Nxb5 Kf8 55. Ke3 Bd7 56. Nc7 Ke7 57. Ke4 Bg4 58. g6 Nd7 59. Nce6 Nf6+ 60. Ke5 Nd7+ 61. Kd4 Bf3 62. g7 Kf7 63. Ng5+ Kxg7 64. Nxf3 Nf6 65. Ke5 1-0

[Event "Kuwait Championship Stage-I 2024"]
[Site "Qadsiya"]
[Date "2024.01.27"]
[Round "5.2"]
[White "Alenezi, Hamad"]
[Black "Alsaqer, Meshal"]
[Result "1/2-1/2"]
[ECO "A40"]
[WhiteElo "1419"]
[BlackElo "1753"]
[Annotator "NA RC COMBH"]
[PlyCount "24"]
[EventDate "2024.01.22"]
[EventType "swiss"]
[EventCountry "KUW"]
[SourceTitle "playchess.com"]
[Source "ChessBase"]
[SourceQuality "1"]
[TimeControl "5400+30"]

1. e4 e6 2. d4 b6 3. c4 Bb7 4. Bd3 d5 5. cxd5 exd5 6. e5 c5 7. Nf3 Nc6 8. Be3 cxd4 9. Bxd4 Nxd4 10. Nxd4 Bb4+ 11. Nd2 Qe7 12. O-O Qd8 1/2-1/2

[Event "Kuwait Championship Stage-I 2024"]
[Site "Qadsiya"]
[Date "2024.01.27"]
[Round "5.3"]
[White "Hashem, Khaled"]
[Black "Alabdaljader, Mohammed"]
[Result "0-1"]
[ECO "E17"]
[WhiteElo "1868"]
[BlackElo "1353"]
[Annotator "NA RC COMBH"]
[PlyCount "104"]
[EventDate "2024.01.22"]
[EventType "swiss"]
[EventCountry "KUW"]
[SourceTitle "playchess.com"]
[Source "ChessBase"]
[SourceQuality "1"]
[TimeControl "5400+30"]

1. Nf3 Nf6 2. g3 e6 3. Bg2 b6 4. O-O Bb7 5. c4 Be7 6. d4 d6 7. Nc3 Ne4 8. Qc2 Nxc3 9. Qxc3 Nd7 10. Be3 O-O 11. Rad1 Be4 12. Ne1 Bxg2 13. Nxg2 Rc8 14. b4 c6 15. Qb3 Qc7 16. Nf4 d5 17. cxd5 cxd5 18. Rc1 Qd6 19. Nd3 Bf6 20. Qa4 e5 21. dxe5 Nxe5 22. Nxe5 Qxe5 23. Qxa7 d4 24. Bf4 Qxe2 25. Qxb6 d3 26. Rcd1 Rfe8 27. Rd2 Qf3 28. Rfd1 Rcd8 29. Be3 Qe4 30. Qa6 Qxb4 31. Rxd3 Ra8 32. Qc6 Rec8 33. Qd5 h6 34. Qb3 Qg4 35. Rd7 Qh5 36. R1d5 Qe2 37. a4 Rcb8 38. Rb5 Rxb5 39. axb5 Ra1+ 40. Kg2 Qf1+ 41. Kf3 Qh1+ 42. Ke2 Qe1+ 43. Kf3 Qh1+ 44. Ke2 Rb1 45. Qxf7+ Kh7 46. Qd5 Qf1+ 47. Kf3 Qh1+ 48. Kg4 Rb4+ 49. f4 Qxh2 50. Qd3+ Kh8 51. Qd5 Qe2+ 52. Qf3 h5+ 0-1

[Event "Kuwait Championship Stage-I 2024"]
[Site "Qadsiya"]
[Date "2024.01.27"]
[Round "5.4"]
[White "AlShourfaa, Hazaa"]
[Black "Alruwayeh, Talal"]
[Result "0-1"]
[ECO "B11"]
[WhiteElo "1701"]
[BlackElo "1407"]
[Annotator "NA RC COMBH"]
[PlyCount "184"]
[EventDate "2024.01.22"]
[EventType "swiss"]
[EventCountry "KUW"]
[SourceTitle "playchess.com"]
[Source "ChessBase"]
[SourceQuality "1"]
[TimeControl "5400+30"]

1. e4 c6 2. Nc3 d6 3. f4 e6 4. Nf3 Be7 5. d4 Nd7 6. Bd3 a6 7. O-O c5 8. Be3 cxd4 9. Bxd4 e5 10. fxe5 dxe5 11. Nxe5 Nxe5 12. Bxe5 Nf6 13. Nd5 Nxd5 14. exd5 Qxd5 15. Qe2 Be6 16. b3 Rc8 17. Rad1 Qa5 18. a4 Qb4 19. Bb2 Bg4 20. Qe4 Qxe4 21. Bxe4 Bxd1 22. Rxd1 O-O 23. Kf1 Rfd8 24. Bd3 g6 25. Rd2 Bf8 26. Rf2 Bg7 27. Ba3 Rd7 28. g3 Re8 29. Bb4 Bf8 30. Bd2 Bc5 31. Rf3 Rde7 32. Bc4 Rd7 33. Bd3 Kg7 34. Bc3+ Kg8 35. Bd2 Bd4 36. Kg2 Bg7 37. Kf2 h5 38. Bb4 Kh7 39. h3 f5 40. h4 Bd4+ 41. Kg2 Re3 42. Rxe3 Bxe3 43. Kf3 Bd4 44. Bd2 Be5 45. Be3 Kg7 46. Bd2 Rf7 47. Bc4 Rf6 48. Bg5 Rd6 49. Bd3 Rd4 50. Be3 Rg4 51. Bf2 f4 52. gxf4 Rxf4+ 53. Ke3 Rf6 54. Be1 Rd6 55. Bb4 Rd7 56. Kf3 Bf6 57. Be1 Rd4 58. Be4 Rd1 59. Ke2 Rd7 60. Kf3 Rf7 61. Bd5 Rf8 62. Kg2 Rc8 63. Bc4 b5 64. axb5 axb5 65. Bd3 Bc3 66. Bf2 b4 67. Kg3 Rf8 68. Be3 Be1+ 69. Kg2 Bxh4 70. Bc5 Rb8 71. Kh3 Bf6 72. Bd6 Rb6 73. Bc5 Rb7 74. Bc4 Bc3 75. Bd3 Rf7 76. Bg1 g5 77. Be2 Kh6 78. Bc5 Rf5 79. Bb6 g4+ 80. Kg2 Re5 81. Bd3 Re6 82. Bc5 Kg5 83. Bc4 Re8 84. Bf2 h4 85. Bd3 h3+ 86. Kh2 Be5+ 87. Kg1 g3 88. Bc5 Bf4 89. Kf1 Bd2 90. Be2 Kh4 91. Bd4 h2 92. Bf6+ Kh3 0-1

[Event "Kuwait Championship Stage-I 2024"]
[Site "Qadsiya"]
[Date "2024.01.27"]
[Round "5.5"]
[White "Hussain, Hashem"]
[Black "Almohammad, Hamad"]
[Result "1-0"]
[ECO "B13"]
[WhiteElo "1642"]
[BlackElo "1296"]
[Annotator "NA RC COMBH"]
[PlyCount "111"]
[EventDate "2024.01.22"]
[EventType "swiss"]
[EventCountry "KUW"]
[SourceTitle "playchess.com"]
[Source "ChessBase"]
[SourceQuality "1"]
[TimeControl "5400+30"]

1. e4 c6 2. d4 d5 3. exd5 cxd5 4. Bd3 Nf6 5. c3 g6 6. Ne2 Bg4 7. O-O Bg7 8. h3 Bxe2 9. Qxe2 O-O 10. Nd2 Nc6 11. f4 a6 12. f5 Qd6 13. fxg6 fxg6 14. Nf3 Nh5 15. Re1 Nf4 16. Bxf4 Rxf4 17. Qe6+ Qxe6 18. Rxe6 Raf8 19. Rae1 R8f6 20. R6e2 h6 21. Nd2 a5 22. g3 Rf3 23. Nxf3 Rxf3 24. Re3 Rxe3 25. Rxe3 Kf7 26. Rf3+ Bf6 27. Bb5 Kg7 28. Bxc6 bxc6 29. Kf1 Kf7 30. Ke2 Ke6 31. Kd3 Kd6 32. b4 a4 33. Kc2 Kc7 34. Re3 Bg5 35. Re6 Bf6 36. Kd3 Kd7 37. Re2 Kd6 38. c4 Kc7 39. cxd5 cxd5 40. Re6 Kb7 41. b5 h5 42. Ra6 g5 43. g4 hxg4 44. hxg4 a3 45. Rxa3 Kb6 46. Rb3 e5 47. dxe5 Bxe5 48. Rb1 Bf6 49. a4 Be5 50. Re1 Bf4 51. Kd4 Ka5 52. Kxd5 Kxa4 53. Kc6 Kb4 54. b6 Kc4 55. b7 Kd4 56. Re8 1-0

[Event "Kuwait Championship Stage-I 2024"]
[Site "Qadsiya"]
[Date "2024.01.27"]
[Round "5.6"]
[White "Alruwaiyeh, Musa"]
[Black "Alrefae, Ahmad"]
[Result "0-1"]
[ECO "B55"]
[WhiteElo "1505"]
[BlackElo "1338"]
[Annotator "NA RC COMBH"]
[PlyCount "54"]
[EventDate "2024.01.22"]
[EventType "swiss"]
[EventCountry "KUW"]
[SourceTitle "playchess.com"]
[Source "ChessBase"]
[SourceQuality "1"]
[TimeControl "5400+30"]

1. e4 c5 2. Nf3 d6 3. d4 cxd4 4. Nxd4 Nf6 5. Bc4 Nxe4 6. Qh5 e6 7. Bb5+ Nd7 8. Nxe6 Qe7 9. Nc7+ Kd8 10. Nxa8 Ng3+ 11. Qe2 Nxe2 12. Bxe2 b6 13. Nxb6 Nxb6 14. Be3 Nd5 15. Kd2 Nxe3 16. fxe3 g6 17. Nc3 Bh6 18. Nd5 Qe5 19. Bf3 Bb7 20. c4 Bxd5 21. Bxd5 Qxe3+ 22. Kc2 Qd2+ 23. Kb3 Kc7 24. Ka4 Rb8 25. a3 Qc2+ 26. Ka5 Qxb2 27. Rab1 Qxa3# 0-1

[Event "Kuwait Championship Stage-I 2024"]
[Site "Qadsiya"]
[Date "2024.01.27"]
[Round "5.8"]
[White "Al Subaie, Nasser"]
[Black "Alghanim, Faisal"]
[Result "0-1"]
[ECO "B12"]
[WhiteElo "1457"]
[BlackElo "1280"]
[Annotator "NA RC COMBH"]
[PlyCount "127"]
[EventDate "2024.01.22"]
[EventType "swiss"]
[EventCountry "KUW"]
[SourceTitle "playchess.com"]
[Source "ChessBase"]
[SourceQuality "1"]
[TimeControl "5400+30"]

1. e4 c6 2. d4 d5 3. e5 Bf5 4. Nf3 e6 5. Bd3 Bxd3 6. Qxd3 c5 7. dxc5 Nd7 8. O-O Bxc5 9. c3 Qc7 10. Be3 Bxe3 11. Qxe3 Ne7 12. Re1 Ng6 13. Nbd2 O-O 14. h4 Qc5 15. Qg5 f6 16. exf6 Rxf6 17. Qe3 Raf8 18. b4 Qxe3 19. fxe3 Rc8 20. Rac1 Nge5 21. Re2 Nd3 22. Rc2 Nxb4 23. Rb2 Nc6 24. Rxb7 Nb6 25. e4 Rf7 26. Rxf7 Kxf7 27. Ng5+ Kg6 28. Nxe6 dxe4 29. Rxe4 h6 30. g4 Nd5 31. Nf4+ Nxf4 32. Rxf4 Ne5 33. c4 Rd8 34. Nf1 Rd1 35. h5+ Kh7 36. Re4 Nd7 37. Kf2 Ra1 38. Re2 Nc5 39. Rd2 Ne4+ 40. Ke2 Nxd2 41. Nxd2 Rxa2 42. Kd3 Kg8 43. c5 Kf8 44. Ne4 Ra4 45. Nd6 Ke7 46. Nc4 Kd7 47. Kd4 Ra1 48. Ne5+ Kc7 49. Kd5 a5 50. Ke6 Re1 51. Kf5 Rxe5+ 52. Kxe5 a4 53. Ke6 a3 54. Kf7 a2 55. Kxg7 a1=Q+ 56. Kxh6 Qh8+ 57. Kg6 Qg8+ 58. Kf5 Qh7+ 59. Kf6 Qh6+ 60. Kf5 Kc6 61. g5 Qxh5 62. Kf6 Qh7 63. g6 Qg8 64. g7 0-1

[Event "Kuwait Championship Stage-I 2024"]
[Site "Qadsiya"]
[Date "2024.01.27"]
[Round "5.9"]
[White "Husain, Sulaiman A.M."]
[Black "Al-Hajiri, Bader"]
[Result "0-1"]
[ECO "D00"]
[WhiteElo "1636"]
[BlackElo "1890"]
[Annotator "NA RC COMBH"]
[PlyCount "50"]
[EventDate "2024.01.22"]
[EventType "swiss"]
[EventCountry "KUW"]
[SourceTitle "playchess.com"]
[Source "ChessBase"]
[SourceQuality "1"]
[TimeControl "5400+30"]

1. d4 d5 2. e4 dxe4 3. Nc3 Nf6 4. f3 exf3 5. Nxf3 e6 6. Bd3 Nc6 7. Ne4 Be7 8. c3 O-O 9. O-O b6 10. Qe1 Bb7 11. Nfg5 g6 12. Nxf6+ Bxf6 13. Nxe6 fxe6 14. Qxe6+ Kg7 15. Qh3 h5 16. Qg3 Ne7 17. Bf4 h4 18. Qe3 Qd5 19. Rf2 Rfe8 20. c4 Qxd4 21. Bh6+ Kh7 22. Rxf6 Qxf6 23. Rf1 Nf5 24. Qf4 Qc6 25. Qg5 Nxh6 0-1

[Event "Kuwait Championship Stage-I 2024"]
[Site "Qadsiya"]
[Date "2024.01.27"]
[Round "5.11"]
[White "Almanaseer, Talal"]
[Black "Alrashidi, Yousef"]
[Result "0-1"]
[ECO "A22"]
[WhiteElo "1249"]
[BlackElo "1512"]
[Annotator "NA RC COMBH"]
[PlyCount "28"]
[EventDate "2024.01.22"]
[EventType "swiss"]
[EventCountry "KUW"]
[SourceTitle "playchess.com"]
[Source "ChessBase"]
[SourceQuality "1"]
[TimeControl "5400+30"]

1. c4 e5 2. Nc3 Nf6 3. g3 d5 4. cxd5 Nxd5 5. Bg2 Nxc3 6. bxc3 Bd6 7. Nf3 Nc6 8. d4 exd4 9. cxd4 Bf5 10. d5 Bb4+ 11. Kf1 Bc3 12. Ba3 Bxa1 13. Qxa1 Qxd5 14. Nd4 Bh3 0-1

[Event "Kuwait Championship Stage-I 2024"]
[Site "Qadsiya"]
[Date "2024.01.28"]
[Round "6.1"]
[White "Alsaqer, Meshal"]
[Black "Alhejab, Meshal"]
[Result "0-1"]
[ECO "D03"]
[WhiteElo "1753"]
[BlackElo "1787"]
[Annotator "NA RC"]
[PlyCount "54"]
[EventDate "2024.01.22"]
[EventType "swiss"]
[EventCountry "KUW"]
[SourceTitle "playchess.com"]
[Source "ChessBase"]
[SourceQuality "1"]
[TimeControl "5400+30"]

1. d4 Nf6 2. Nf3 e6 3. Bg5 d5 4. e3 c5 5. Bb5+ Nbd7 6. Nbd2 Qb6 7. a4 a6 8. Bxd7+ Nxd7 9. Qc1 f6 10. Bh4 cxd4 11. Nxd4 a5 12. O-O e5 13. Nb5 g5 14. Bg3 f5 15. f4 gxf4 16. Qd1 Nf6 17. Bh4 fxe3 18. Qe2 exd2+ 19. Bf2 Bc5 20. Qxe5+ Kf7 21. Bxc5 Qxc5+ 22. Kh1 Ra6 23. Ra3 Ng4 24. Rxf5+ Bxf5 25. Qxf5+ Rf6 26. Qd7+ Qe7 27. Qxd5+ Kf8 0-1

[Event "Kuwait Championship Stage-I 2024"]
[Site "Qadsiya"]
[Date "2024.01.28"]
[Round "6.2"]
[White "Al Ibrahim, Abdulrahman"]
[Black "Alruwayeh, Talal"]
[Result "1-0"]
[ECO "B12"]
[WhiteElo "1854"]
[BlackElo "1407"]
[Annotator "NA RC"]
[PlyCount "99"]
[EventDate "2024.01.22"]
[EventType "swiss"]
[EventCountry "KUW"]
[SourceTitle "playchess.com"]
[Source "ChessBase"]
[SourceQuality "1"]
[TimeControl "5400+30"]

1. e4 c6 2. d4 d6 3. h3 Nd7 4. Nf3 e6 5. Bd3 Be7 6. O-O a6 7. a4 e5 8. c3 c5 9. Nbd2 cxd4 10. cxd4 exd4 11. Nxd4 Ne5 12. Bb1 Bd7 13. Qb3 Qc8 14. Nf5 Bxf5 15. exf5 Nf6 16. Nf3 O-O 17. Bf4 Qc4 18. Qxc4 Nxc4 19. b3 Na5 20. Nd4 Nd5 21. Bd2 Bf6 22. Bxa5 Bxd4 23. Ra2 Bc3 24. Bxc3 Nxc3 25. Rd2 Nxb1 26. Rxb1 Rfd8 27. Rbd1 Kf8 28. Rxd6 Rxd6 29. Rxd6 Ke7 30. Rb6 Rb8 31. g4 a5 32. f4 Kd7 33. f6 g6 34. Kf2 Kc7 35. Rb5 b6 36. Re5 Kd6 37. Re7 Rf8 38. Ke3 Kc5 39. Re5+ Kc6 40. Kd4 Rd8+ 41. Kc4 Rf8 42. Re7 h6 43. h4 g5 44. fxg5 hxg5 45. h5 Kd6 46. Kb5 Rb8 47. Rxf7 Ke6 48. Rg7 Kxf6 49. Rg6+ Ke5 50. Rxg5+ 1-0

[Event "Kuwait Championship Stage-I 2024"]
[Site "Qadsiya"]
[Date "2024.01.28"]
[Round "6.3"]
[White "Alabdaljader, Mohammed"]
[Black "Hussain, Hashem"]
[Result "0-1"]
[ECO "B23"]
[WhiteElo "1353"]
[BlackElo "1642"]
[Annotator "NA RC"]
[PlyCount "72"]
[EventDate "2024.01.22"]
[EventType "swiss"]
[EventCountry "KUW"]
[SourceTitle "playchess.com"]
[Source "ChessBase"]
[SourceQuality "1"]
[TimeControl "5400+30"]

1. e4 c5 2. Nc3 Nc6 3. f4 e6 4. Nf3 d5 5. Bb5 a6 6. Bxc6+ bxc6 7. O-O Nf6 8. d3 Be7 9. b3 O-O 10. Qe1 a5 11. Ba3 Ba6 12. Rd1 Qc7 13. e5 Nd7 14. Na4 Bb5 15. Bc1 c4 16. Nc3 Ba6 17. Be3 cxd3 18. cxd3 Bb4 19. a3 Bxa3 20. Qh4 Bc5 21. Bxc5 Nxc5 22. Ng5 h6 23. Rf3 Rab8 24. Rg3 Nxd3 25. Nh3 Kh8 26. Rg5 f6 27. Rg6 fxe5 28. Rxe6 Nxf4 29. Re7 Nxh3+ 30. gxh3 Qb6+ 31. Kh1 Qe3 32. Rxg7 Kxg7 33. Qe7+ Rf7 34. Qh4 Kh7 35. b4 Qf3+ 36. Kg1 Rg8+ 0-1

[Event "Kuwait Championship Stage-I 2024"]
[Site "Qadsiya"]
[Date "2024.01.28"]
[Round "6.4"]
[White "Alrefae, Ahmad"]
[Black "Aldaihani, Turki"]
[Result "0-1"]
[ECO "B02"]
[WhiteElo "1338"]
[BlackElo "1475"]
[Annotator "NA RC"]
[PlyCount "82"]
[EventDate "2024.01.22"]
[EventType "swiss"]
[EventCountry "KUW"]
[SourceTitle "playchess.com"]
[Source "ChessBase"]
[SourceQuality "1"]
[TimeControl "5400+30"]

1. e4 Nf6 2. e5 Ng8 3. d4 d5 4. c3 Bf5 5. g4 Bd7 6. Bd3 c5 7. dxc5 Qc7 8. Be3 Qxe5 9. Nf3 Qc7 10. Bd4 Bxg4 11. Rg1 Bxf3 12. Qxf3 Qxh2 13. Rg3 e6 14. Na3 a6 15. Nc4 Nd7 16. Bxg7 dxc4 17. Bxh8 Ne7 18. Bxc4 Ng6 19. Bd4 Bxc5 20. Bxc5 Nxc5 21. O-O-O Qh4 22. Rd4 Qe7 23. Qe2 Kf8 24. b4 Na4 25. Qd1 b5 26. Bb3 Nb6 27. Qh5 f6 28. Qc5 e5 29. Rd6 Nd7 30. Rxf6+ Nxf6 31. Qc6 Rd8 32. Qxa6 Nf4 33. Qxb5 Qd6 34. Qc4 Qd2+ 35. Kb1 Qe1+ 36. Kb2 Qxf2+ 37. Ka3 Ra8+ 38. Ba4 Qxg3 39. Qc5+ Kf7 40. Qc7+ Kg6 41. Qxe5 Ne2 0-1

[Event "Kuwait Championship Stage-I 2024"]
[Site "Qadsiya"]
[Date "2024.01.28"]
[Round "6.5"]
[White "Alghanim, Faisal"]
[Black "Alenezi, Hamad"]
[Result "0-1"]
[ECO "B12"]
[WhiteElo "1280"]
[BlackElo "1419"]
[Annotator "NA RC"]
[PlyCount "125"]
[EventDate "2024.01.22"]
[EventType "swiss"]
[EventCountry "KUW"]
[SourceTitle "playchess.com"]
[Source "ChessBase"]
[SourceQuality "1"]
[TimeControl "5400+30"]

1. e4 c6 2. d4 d5 3. e5 e6 4. c3 c5 5. Nf3 Nc6 6. Bb5 a6 7. Bxc6+ bxc6 8. O-O Nh6 9. Bxh6 gxh6 10. dxc5 Bxc5 11. Qd2 Qb6 12. Qxh6 Be7 13. Nd4 c5 14. Nf5 Qc7 15. Nxe7 Qxe7 16. Qg7 Rf8 17. Qxh7 Bb7 18. Nd2 O-O-O 19. Rad1 Rh8 20. Qg7 Rdg8 21. Qf6 Qf8 22. g3 Rg6 23. Qf4 Qg7 24. f3 Qh7 25. h4 Rxg3+ 26. Qxg3 Rg8 27. Qxg8+ Qxg8+ 28. Kh2 Qh8 29. Rg1 Qxh4+ 30. Kg2 Qg5+ 31. Kf2 Qxe5 32. Nb3 Qh2+ 33. Rg2 Qh4+ 34. Rg3 Qh7 35. Rd2 Qh2+ 36. Rg2 Qh4+ 37. Rg3 d4 38. cxd4 cxd4 39. Rxd4 Qh2+ 40. Rg2 Qh8 41. Rd2 Bd5 42. Rc2+ Kb8 43. Kg1 Bxf3 44. Rh2 Qg7+ 45. Kf1 Bd5 46. Nc5 Qf6+ 47. Ke1 Ka7 48. Nd7 Qf4 49. Rhf2 Qe3+ 50. Rfe2 Qg3+ 51. Rf2 Qg1+ 52. Rf1 Qe3+ 53. Re2 Qg3+ 54. Rff2 Bxa2 55. Rc2 Bd5 56. Rce2 Bc4 57. Rc2 Qg1+ 58. Kd2 Qxf2+ 59. Kc3 Qf4 60. b3 Bd5 61. Kb2 Qd4+ 62. Kb1 Be4 63. Ka2 0-1

[Event "Kuwait Championship Stage-I 2024"]
[Site "Qadsiya"]
[Date "2024.01.28"]
[Round "6.6"]
[White "Al-Hajiri, Bader"]
[Black "Aljadi, Hussain"]
[Result "1-0"]
[ECO "C43"]
[WhiteElo "1890"]
[BlackElo "1419"]
[Annotator "NA RC"]
[PlyCount "67"]
[EventDate "2024.01.22"]
[EventType "swiss"]
[EventCountry "KUW"]
[SourceTitle "playchess.com"]
[Source "ChessBase"]
[SourceQuality "1"]
[TimeControl "5400+30"]

1. e4 e5 2. Nf3 Nf6 3. d4 Nxe4 4. dxe5 d5 5. Bd3 Nc5 6. Be2 Be7 7. Nc3 c6 8. O-O O-O 9. Nd4 f6 10. exf6 Bxf6 11. Be3 Ne6 12. Qd2 Nxd4 13. Bxd4 Bf5 14. Bf3 Bxd4 15. Qxd4 Nd7 16. Rad1 Bxc2 17. Rd2 Bf5 18. Re1 Qf6 19. Qb4 Ne5 20. Bxd5+ cxd5 21. Nxd5 Nf3+ 22. gxf3 Qg5+ 23. Kh1 Bh3 24. Rg1 Qe5 25. Qh4 Rxf3 26. Ne7+ Kf7 27. Rd5 Qf6 28. Qxh7 Qh6 29. Qc2 Re8 30. Ng6 Be6 31. Qc7+ Kg8 32. Rd8 Rxd8 33. Qxd8+ Kh7 34. Qh8# 1-0

[Event "Kuwait Championship Stage-I 2024"]
[Site "Qadsiya"]
[Date "2024.01.28"]
[Round "6.7"]
[White "Almuhaini, Abdulaziz"]
[Black "Hashem, Khaled"]
[Result "0-1"]
[ECO "C56"]
[WhiteElo "1374"]
[BlackElo "1868"]
[Annotator "NA RC"]
[PlyCount "84"]
[EventDate "2024.01.22"]
[EventType "swiss"]
[EventCountry "KUW"]
[SourceTitle "playchess.com"]
[Source "ChessBase"]
[SourceQuality "1"]
[TimeControl "5400+30"]

1. e4 e5 2. Nf3 Nc6 3. d4 exd4 4. Bc4 Nf6 5. e5 d5 6. Bb5 Ne4 7. Nxd4 Bd7 8. Bxc6 bxc6 9. O-O Bc5 10. Be3 O-O 11. Nd2 f5 12. f4 Qe7 13. Nxe4 fxe4 14. Qe2 Rab8 15. c3 Bxd4 16. Bxd4 c5 17. Be3 Bb5 18. Qf2 d4 19. cxd4 Bxf1 20. Rxf1 Qe6 21. f5 Qxa2 22. f6 Rxb2 23. Qg3 g6 24. Qg4 Rb1 25. Qxe4 Rxf1+ 26. Kxf1 cxd4 27. Qxd4 Rb8 28. Bf2 Rb1+ 29. Be1 Qa6+ 30. Kf2 Qb6 31. Bc3 Kf7 32. h4 Rb3 33. Ke2 Qxd4 34. Bxd4 a5 35. g4 a4 36. h5 a3 37. hxg6+ hxg6 38. Kd2 a2 39. Kc2 Rb1 40. g5 a1=Q 41. Bxa1 Rxa1 42. Kd3 Ra4 0-1